Map: Kairos Junction LE

Players

HellraiseR

  • Race: Protoss Protoss
  • League: Grandmaster
  • Spawn Location: 5:00

Lambo - Winner!

  • Race: Zerg Zerg
  • League: Grandmaster
  • Spawn Location: 11:00

VOD

Have the link to the VOD?

Description

Time

  • Played on: Jan. 12, 2019, 12:05 p.m.
  • Length: 16:53
Show
View Real Time Build Order
Export as new Build Order

HellraiseR Protoss 

Build Orders: 1 Gate Expand, Oracle Opening, Phoenix Opening, Chargelot Immortal, Mass Phoenix 

Get SALT Encoding   

  12  0:01  Probe  
  13  0:13  Probe  
  14  0:19  Pylon  
  14  0:25  Probe  
  15  0:33  Probe  
  15  0:39  Gateway  
  15  0:42  Probe  
  16  0:48  Assimilator  
  17  0:52  Probe  
  18  1:04  Probe  
  19  1:20  Nexus  
  19  1:24  Probe  
  20  1:35  Cybernetics Core  
  20  1:37  Probe  
  21  1:44  Assimilator  
  21  1:49  Probe  
  21  1:52  Pylon  
  22  1:59  Probe  
  23  2:02  Adept  
  23  2:07  Probe  
  26  2:16  Probe  
  27  2:23  Stargate  
  27  2:27  Probe  
  27  2:28  Adept  
  27  2:29  Probe  
  31  2:37  Probe, Warp Gate  
  31  2:39  Probe  
  33  2:47  Probe  
  34  2:51  Probe  
  35  2:59  Probe  
  35  3:00  Gateway, Phoenix  
  35  3:03  Probe  
  37  3:11  Probe  
  40  3:13  Pylon  
  40  3:14  Oracle  
  40  3:16  Probe, Assimilator  
  41  3:23  Probe  
  45  3:28  Probe  
  45  3:30  Assimilator  
  46  3:35  Probe  
  46  3:40  Probe  
  48  3:47  Stargate, Probe  
  49  3:51  Pylon  
  49  3:52  Probe  
  50  3:56  Phoenix  
  50  3:59  Probe  
  53  4:04  Probe  
  54  4:11  Probe  
  54  4:13  Phoenix  
  54  4:16  Probe  
  56  4:24  Probe  
  59  4:25  Pylon  
  59  4:28  Probe, Phoenix  
  62  4:35  Pylon  
  62  4:42  Phoenix  
  62  4:43  Zealot x2  
  68  4:45  Phoenix  
  68  4:50  Pylon  
  68  4:56  Nexus  
  70  5:03  Phoenix  
  70  5:05  Probe  
  70  5:06  Probe  
  72  5:07  Phoenix  
  76  5:16  Robotics Facility  
  76  5:20  Robotics Facility  
  76  5:22  Probe  
  76  5:23  Probe  
  78  5:35  Probe x2  
  80  5:36  Shield Battery  
  80  5:39  Pylon  
  80  5:47  Probe x2, Forge, Twilight Council  
  82  5:53  Immortal  
  82  5:56  Immortal  
  82  5:59  Probe x2  
  88  6:09  Probe  
  88  6:11  Probe  
  94  6:13  Probe  
  94  6:15  Sentry, Zealot  
  99  6:21  Probe  
  99  6:23  Charge, Probe, Protoss Ground Weapons Level 1  
  99  6:26  Probe  
  99  6:27  Immortal  
  99  6:30  Immortal  
  100  6:39  Probe  
  109  6:40  Pylon  
  109  6:43  Assimilator  
  109  6:46  Assimilator  
  109  6:54  Pylon  
  109  6:55  Pylon  
  109  6:58  Probe x3  
  112  7:02  Templar Archives  
  112  7:05  Immortal  
  112  7:07  Observer  
  116  7:09  Pylon  
  116  7:10  Probe, Pylon  
  116  7:12  Probe x2  
  120  7:23  Probe, Gateway  
  120  7:26  Gateway, Immortal  
  120  7:27  Gateway  
  121  7:30  Gateway  
  121  7:31  Gateway  
  121  7:32  Gateway  
  121  7:35  Immortal  
  125  7:39  Pylon  
  129  7:51  Psionic Storm  
  129  7:53  High Templar x2  
  133  8:02  Immortal  
  133  8:07  Immortal  
  133  8:09  Nexus  
  133  8:10  Pylon x2  
  141  8:26  High Templar x2  
  145  8:30  Photon Cannon  
  145  8:31  Warp Prism, Photon Cannon  
  145  8:32  Photon Cannon  
  145  8:34  Shield Battery  
  145  8:36  Archon  
  145  8:37  Protoss Ground Weapons Level 2, Shield Battery  
  145  8:40  High Templar x2  
  149  8:46  High Templar  
  153  8:48  Zealot x3  
  159  9:00  Photon Cannon  
  159  9:08  Photon Cannon  
  159  9:09  Photon Cannon  
  159  9:12  Photon Cannon  
  159  9:13  Shield Battery  
  159  9:15  Photon Cannon  
  159  9:19  Protoss Air Weapons Level 1  
  159  9:26  Zealot x6  
  171  9:34  Fleet Beacon  
  171  9:37  Stargate  
  171  9:43  Assimilator  
  171  9:45  Assimilator  
  171  10:08  Mothership  
  171  10:10  Cybernetics Core  
  179  10:22  Pylon x3  
  179  10:24  Pylon  
  179  10:31  Pylon  
  179  10:33  Pylon  
  197  10:46  Stargate  
  197  10:49  Protoss Air Armor Level 1, Tempest  
  197  10:52  Tempest  
  197  10:53  Protoss Shields Level 1  
  197  10:58  Tempest  
  197  11:02  Nexus  
  157  11:21  Tempest  
  157  11:25  Zealot x8  
  169  11:29  Tempest  
  150  11:51  Oracle  
  138  11:54  Protoss Air Weapons Level 2  
  138  12:00  Tempest  
  127  12:04  High Templar x4  
  127  12:05  Zealot x4  
  127  12:06  Tempest  
  151  12:17  Probe  
  151  12:18  Pylon  
  151  12:19  Tempest  
  152  12:29  Nexus  
  157  12:30  High Templar x2  
  157  12:31  Zealot x2  
  157  12:32  Pylon  
  157  12:34  Probe, Archon  
  166  12:37  Oracle  
  166  12:43  Photon Cannon  
  169  12:45  Void Ray, Pylon  
  173  12:55  Zealot  
  173  12:56  Zealot  
  173  12:57  Zealot x4  
  183  13:05  Void Ray  
  182  13:14  Void Ray  
  160  13:38  Tempest  
  152  13:46  Probe  
  152  13:47  Probe  
  146  13:48  Tempest  
  146  13:50  Probe, Zealot  
  146  13:52  Probe  
  146  13:54  Probe  
  146  13:55  Probe  
  143  13:56  Tempest  
  143  14:02  Probe  
  141  14:03  High Templar x3  
  141  14:04  Probe x3  
  141  14:07  Observer x2  
  144  14:10  Zealot x5  
  144  14:14  Probe  
  144  14:16  Probe x3  
  160  14:24  Assimilator  
  160  14:27  Assimilator  
  160  14:34  Nexus  
  160  14:38  Zealot  
  167  14:48  Zealot x3  
  167  14:49  Zealot  
  167  14:52  High Templar x2  
  139  15:17  Probe  
  139  15:20  Zealot x3  
  139  15:21  Probe x2  
  146  15:26  Zealot  
  146  15:27  High Templar x2  
  152  15:41  Zealot  
  152  15:42  Zealot x4  
  150  16:06  Zealot x8  
  153  16:15  Pylon  
  159  16:35  High Templar x8  
  171  16:45  Archon x4  
Show
View Real Time Build Order
Export as new Build Order

Lambo Zerg - Winner!

Build Orders: Hatch First, Brood Lord Corruptor 

Get SALT Encoding   

  12  0:00  Drone  
  13  0:12  Overlord  
  13  0:16  Drone  
  14  0:31  Drone  
  15  0:42  Drone  
  16  0:48  Hatchery  
  15  0:51  Drone  
  15  0:56  Drone  
  17  0:59  Drone  
  18  1:10  Extractor  
  17  1:15  Spawning Pool  
  17  1:18  Drone  
  17  1:22  Drone  
  18  1:27  Drone  
  19  1:39  Drone  
  20  1:49  Overlord  
  20  2:02  Queen x2, Zergling x2  
  20  2:03  Zergling x2  
  26  2:10  Drone  
  26  2:11  Drone  
  28  2:22  Drone x2, Metabolic Boost  
  30  2:39  Hatchery  
  30  2:43  Drone  
  30  2:44  Drone  
  31  2:45  Drone  
  31  2:48  Overlord  
  32  2:56  Queen  
  34  2:59  Drone  
  34  3:04  Drone  
  36  3:08  Drone x2  
  36  3:11  Drone  
  36  3:12  Drone  
  40  3:14  Overlord  
  40  3:15  Drone  
  40  3:18  Drone  
  40  3:19  Drone  
  43  3:22  Drone  
  43  3:27  Overlord  
  44  3:35  Queen  
  44  3:37  Drone x3  
  49  3:46  Drone  
  49  3:47  Drone x2  
  52  3:48  Spore Crawler, Drone  
  52  3:52  Queen  
  52  3:53  Spore Crawler  
  54  3:55  Drone  
  54  3:57  Drone  
  54  3:59  Overlord  
  54  4:02  Drone  
  56  4:07  Drone x2  
  58  4:12  Drone  
  58  4:14  Drone x2  
  57  4:20  Drone x3  
  57  4:23  Overlord  
  60  4:24  Lair  
  60  4:27  Roach Warren  
  60  4:28  Drone  
  60  4:38  Queen  
  60  4:40  Extractor  
  60  4:41  Extractor  
  60  4:43  Zergling x2  
  60  4:44  Zergling x6  
  64  4:46  Drone x3  
  64  4:47  Drone  
  64  4:48  Drone  
  64  4:52  Overlord  
  69  4:53  Drone  
  69  4:54  Drone x3  
  69  4:57  Drone  
  69  4:59  Overlord  
  74  5:02  Overlord  
  74  5:08  Overlord  
  74  5:13  Drone x3  
  77  5:14  Drone x2  
  77  5:18  Evolution Chamber  
  77  5:19  Drone x3  
  81  5:23  Drone x2  
  81  5:26  Drone x2  
  85  5:29  Extractor  
  85  5:30  Extractor  
  85  5:31  Glial Reconstitution  
  85  5:34  Queen x2  
  85  5:35  Queen  
  89  5:38  Spore Crawler  
  89  5:40  Hydralisk Den  
  89  5:42  Overlord, Spore Crawler  
  87  5:43  Extractor, Drone x2  
  87  5:45  Drone  
  87  5:46  Spore Crawler  
  87  5:47  Zerg Missile Weapons Level 1  
  87  5:50  Drone x2  
  87  5:52  Drone x2  
  87  5:54  Drone  
  87  5:55  Drone  
  89  5:58  Drone x3  
  89  6:00  Drone  
  89  6:01  Drone  
  89  6:02  Drone  
  95  6:14  Drone x5  
  95  6:17  Grooved Spines  
  98  6:20  Baneling Nest, Drone x3  
  99  6:26  Drone  
  100  6:32  Drone  
  100  6:33  Drone x3  
  100  6:37  Drone x3  
  100  6:38  Drone  
  107  6:43  Drone x2  
  107  6:46  Infestation Pit  
  107  6:47  Hatchery  
  105  7:02  Hydralisk x4  
  105  7:04  Overlord  
  105  7:06  Centrifical Hooks, Evolution Chamber  
  112  7:11  Overlord  
  112  7:14  Hydralisk  
  114  7:20  Overlord x2  
  114  7:21  Overlord  
  114  7:24  Hydralisk, Hive  
  114  7:25  Hydralisk x3  
  114  7:26  Spire  
  114  7:28  Muscular Augments, Hydralisk x3  
  127  7:36  Hydralisk  
  129  7:38  Hydralisk x4  
  137  7:45  Hydralisk x3  
  137  7:49  Zergling x6  
  145  7:52  Hydralisk  
  145  7:53  Hydralisk  
  145  7:57  Zergling x6  
  152  8:03  Zergling x14  
  159  8:06  Overlord  
  159  8:13  Zerg Melee Weapons Level 1, Zerg Missile Weapons Level 2  
  159  8:18  Extractor  
  159  8:19  Extractor  
  157  8:28  Drone x3  
  160  8:34  Overlord  
  160  8:38  Adrenal Glands  
  160  8:39  Greater Spire, Overseer  
  160  8:40  Pneumatized Carapace  
  160  8:48  Overlord  
  160  8:50  Zergling x2  
  160  8:51  Zergling x14  
  160  8:52  Overlord  
  160  8:53  Overlord x2  
  168  9:01  Spine Crawler x2  
  166  9:03  Drone  
  166  9:04  Spine Crawler, Drone x4  
  166  9:06  Spine Crawler  
  166  9:07  Spine Crawler  
  166  9:08  Spine Crawler  
  167  9:10  Spine Crawler  
  166  9:24  Corruptor x7  
  179  9:40  Spine Crawler  
  179  9:41  Hatchery  
  177  9:56  Baneling  
  177  10:01  Zerg Flyer Weapons Level 1  
  177  10:05  Brood Lord x7  
  191  10:13  Extractor  
  190  10:16  Extractor  
  188  10:29  Overlord  
  188  10:31  Overlord  
  188  10:38  Corruptor x2  
  188  10:41  Overlord  
  192  10:45  Overlord  
  192  10:46  Corruptor  
  192  10:48  Overlord  
  191  10:50  Overlord  
  191  10:52  Baneling x9  
  191  10:57  Overseer  
  191  11:07  Zergling x2  
  191  11:08  Zergling x16  
  199  11:14  Zergling x22  
  199  11:18  Zergling x20  
  198  11:25  Pathogen Glands, Zerg Melee Weapons Level 2  
  198  11:26  Zerg Ground Armor Level 1  
  198  11:32  Overlord, Hydralisk x2  
  181  11:46  Drone x10  
  171  11:54  Viper x2  
  171  11:57  Zerg Flyer Weapons Level 2  
  175  12:04  Viper  
  181  12:08  Corruptor x8  
  194  12:24  Corruptor x3  
  194  12:25  Hatchery  
  199  12:33  Hatchery  
  199  12:34  Brood Lord  
  200  12:43  Spore Crawler  
  199  12:44  Spore Crawler  
  199  12:45  Brood Lord  
  202  12:58  Overseer  
  187  13:25  Zergling x28  
  195  13:33  Hydralisk x6  
  199  13:37  Unknown  
  199  13:38  Unknown  
  199  13:40  Hydralisk  
  188  13:41  Zergling x22  
  188  13:46  Hydralisk  
  170  13:56  Zerg Ground Armor Level 2, Zerg Melee Weapons Level 3  
  167  14:06  Queen  
  166  14:11  Drone x3  
  166  14:13  Zergling x14  
  166  14:15  Baneling x8  
  166  14:16  Baneling x7  
  176  14:17  Zergling x4  
  176  14:18  Queen  
  180  14:26  Overseer x2  
  180  14:29  Zergling x14  
  185  14:32  Hatchery  
  184  14:44  Zergling x12  
  181  15:01  Hydralisk x9  
  185  15:17  Zergling x18  
  185  15:19  Neural Parasite  
  194  15:23  Extractor  
  188  15:41  Infestor x5  
  198  15:49  Extractor x2, Infestor  
  198  15:53  Overlord  
  198  15:55  Overlord  
  196  15:57  Overlord  
  183  16:07  Infestor  
  183  16:08  Infestor x8  
  183  16:11  Zergling x20  
  183  16:20  Baneling x8  
  183  16:23  Corruptor x2  
  187  16:26  Zergling x8  
  187  16:27  Zergling x2  
  187  16:31  Baneling x6  
  190  16:42  Unknown x2  
Tags
 
Add a new tag
Caveats
  • Supply blocks, unpowered buildings, or Contaminate may cause inaccurate times.
  • Supply counts are checked every 10 seconds.